 Dungeon Crawl Stone Soup version 0.29-a0-1019-g84f7d21838 (webtiles) character file.

Game seed: 11868016750714057924

86 IdlyInterested the Twirler (level 4, -2/33 HPs)
             Began as a Demonspawn Gladiator on Aug 10, 2022.
             Slain by Grinder (8 damage)
             ... on level 3 of the Dungeon.
             The game lasted 00:06:56 (2830 turns).

IdlyInterested the Twirler (Demonspawn Gladiator)   Turns: 2830, Time: 00:06:57

Health: -2/33      AC:  8    Str: 15    XL:     4   Next: 26%
Magic:  4/4        EV: 10    Int: 13    God:
Gold:   129        SH:  0    Dex: 20    Spells: 3/3 levels left

rFire   . . .      SeeInvis .   g - staff of death
rCold   . . .      Faith    .   (no shield)
rNeg    + . .      Spirit   .   i - +0 scale mail
rPois   .          Reflect  .   c - +0 helmet
rElec   .          Harm     .   (no cloak)
rCorr   .          Rampage  .   j - +0 pair of gloves
Will    .....                   (no boots)
Stlth   ..........              (no amulet)
HPRegen 0.11/turn               k - +6 ring of dexterity
MPRegen 0.09/turn               (no ring)

@: no status effects
A: hooves 1, big brain 1
a: no special abilities


You were on level 3 of the Dungeon.
You visited 1 branch of the dungeon, and saw 3 of its levels.

You collected 129 gold pieces.

Inventory:

Hand Weapons
 a - a +0 quarterstaff
Missiles
 e - a javelin
 l - 6 boomerangs
 r - 4 poisoned darts
Armour
 b - a +1 leather armour
 c - a +0 helmet (worn)
 i - a +0 scale mail (worn)
 j - a +0 pair of gloves (worn)
Magical Staves
 g - a staff of death (weapon)
Jewellery
 k - a +6 ring of dexterity (left hand)
Wands
 o - a wand of flame (16) (quivered)
Scrolls
 n - 3 scrolls of teleportation
 p - a scroll of enchant weapon {unknown}
 q - 2 scrolls of vulnerability
 s - a scroll of fear
Potions
 h - 2 potions of curing


   Skills:
 - Level 2.0 Fighting
 * Level 4.1 Staves
 - Level 1.7 Throwing
 - Level 2.0 Armour
 - Level 2.6 Dodging


You had 3 spell levels left.
You didn't know any spells.
Your spell library was empty.

Dungeon Overview and Level Annotations

Branches:
Dungeon (3/15)

Altars:

Shops:
D:1 [

Annotations:
D:3 Grinder


Innate Abilities, Weirdness & Mutations

You have large cloven feet.
You have an unusually large brain. (Int +2)


Message History

You hit Grinder.
Grinder is heavily wounded.
Grinder hits you but does no damage.
You feel less invigorated.
You feel less confused. Grinder gestures at you.
You resist with significant effort.
Aiming: Throw Flame
Press: ? - help, Q - select action, (/) - cycle Shift-Dir - straight line, f/p - Grinder
Aim: Grinder (heavily wounded, 64% to hit)
The puff of flame misses Grinder.
Aiming: Throw Flame
Press: ? - help, Q - select action, (/) - cycle Shift-Dir - straight line, f/p - Grinder
Aim: Grinder (heavily wounded, 64% to hit)
The puff of flame hits Grinder.
Grinder is heavily wounded.
Grinder hits you.
Aiming: Throw Flame
Press: ? - help, Q - select action, (/) - cycle Shift-Dir - straight line, f/p - Grinder
Aim: Grinder (heavily wounded, 64% to hit)
The puff of flame misses Grinder.
Grinder says, "DUCK!"
Grinder hits you but does no damage.
Aiming: Throw Flame
Press: ? - help, Q - select action, (/) - cycle Shift-Dir - straight line, f/p - Grinder
Aim: Grinder (heavily wounded, 64% to hit)
The puff of flame misses Grinder.
Grinder hits you.
You writhe in agony.
You closely miss Grinder.
Grinder is heavily wounded.
Grinder gestures at you. Pain shoots through your body!
* * * LOW HITPOINT WARNING * * *
Aiming: Throw Flame
Press: ? - help, Q - select action, (/) - cycle Shift-Dir - straight line, f/p - Grinder
Aim: Grinder (heavily wounded, 64% to hit)
The puff of flame hits Grinder.
Grinder is severely wounded.
Grinder hits you!
You die...

#.(...... ......
#....)... .....
######......(. ....
#............. ...
#.#.#.#.#..... ..##
#............. .(#
#.#.#.#.#..... ###.#
#)............ #..@#
#.#.#.#.#.#### #.#5#
#.........# # #.#
#.#.#.#.#.# #.#
#.........#
.#####.######......##
#.$.......# #####...#
#########.# #...# #.#
#...# #.# #...#


You could see Grinder.

Vanquished Creatures
  Jessica (D:3)
  Terence (D:2)
  2 dart slugs (D:1)
  4 ball pythons
  3 endoplasms
  2 giant cockroaches (D:1)
  A goblin (D:1)
  6 hobgoblins (D:1)
  4 kobolds (D:1)
  A quokka (D:1)
  3 bats
  2 frilled lizards (D:1)
30 creatures vanquished.

Notes
Turn   | Place    | Note
-------+----------+-------------------------------------------
     0 | D:1      | IdlyInterested the Demonspawn Gladiator began the quest for
                  | the Orb.
     0 | D:1      | Reached XP level 1. HP: 16/16 MP: 1/1
    84 | D:1      | Reached skill level 3 in Staves
    84 | D:1      | Reached skill level 1 in Armour
    84 | D:1      | Gained mutation: You have an unusually large brain. (Int
                  | +2) [demonic ancestry]
    84 | D:1      | Reached XP level 2. HP: 17/22 MP: 2/2
   620 | D:1      | Found Lofeck's Antique Armour Emporium.
   762 | D:1      | Found a faded altar of an unknown god.
   946 | D:1      | Reached XP level 3. HP: 25/27 MP: 3/3
  1063 | D:2      | Noticed Terence
  1833 | D:2      | Killed Terence
  2571 | D:3      | Noticed Jessica
  2607 | D:3      | Killed Jessica
  2608 | D:3      | Reached skill level 4 in Staves
  2608 | D:3      | Gained mutation: You have large cloven feet. [demonic
                  | ancestry]
  2608 | D:3      | Reached XP level 4. HP: 16/33 MP: 4/4
  2776 | D:3      | Noticed Grinder
  2792 | D:3      | Paralysed by Grinder for 2 turns
  2805 | D:3      | Paralysed by Grinder for 2 turns
  2814 | D:3      | Paralysed by Grinder for 2 turns
  2830 | D:3      | Slain by Grinder

Illustrated notes

Levels and vault maps discovered:
D:1:      dpeg_arrival_ternary, layout_loops_ring,
          shapermc_ecumenical_altar_venn, serial_shops, shop_statue,
          nicolae_concentric_dashed_squares_mild, columned_hall_lemuel, hex_tiny
D:2:      layout_basic, lemuel_another_geyser, uniq_terence
D:3:      layout_basic, serial_co_window_serial, co_window_corner_a,
          co_window_paths_a, co_window_corner_a, co_window_paths_a,
          co_window_paths_b, co_window_of_opportunity_a, co_window_paths_a,
          co_window_paths_b, co_window_paths_a, co_window_broadway_c,
          co_window_unsneaky_path_c, co_window_unsneaky_path_e,
          co_window_2corner, glass_columns_a, glass_columns_a, glass_columns_c,
          glass_columns_a, glass_columns_a, uniq_jessica, uniq_grinder

Skill      XL: |  1  2  3 |
---------------+----------+-----
Staves         | 3 4 |  4.1
Armour         | 1 2 |  2.0
Fighting       | |  2.0
Throwing       | |  1.7
Dodging        | |  2.6

Action                   |  1- 3 |  4- 6 || total
-------------------------+-------+-------++-------
Melee: Quarterstaff      |    80 |       ||    80
       Staff             |       |    27 ||    27
       Kick              |       |    10 ||    10
       Punch             |       |     1 ||     1
Throw: Dart              |     6 |       ||     6
       Throwing net      |     1 |     3 ||     4
Evoke: Wand              |       |     7 ||     7
  Use: Scroll            |    11 |       ||    11
       Potion            |     1 |     4 ||     5
Armor: Leather armour    |    30 |       ||    30
       Scale mail        |     4 |     7 ||    11
Dodge: Dodged            |    69 |     7 ||    76

Table legend: (Time is in decaauts)
 A = Elapsed time spent in this place.
 B = Non-inter-level travel time spent in this place.
 C = Inter-level travel time spent in this place.
 D = Time resting spent in this place.
 E = Time spent auto-exploring this place.
 F = Levels seen in this place.
 G = Mean time per level.
                   A        B        C        D        E       F      G
               +--------+--------+--------+--------+--------+-----+--------+
         Total |   2842 |   2499 |    343 |    367 |   1625 |   3 |  947.3 |
       Dungeon |   2842 |   2499 |    343 |    367 |   1625 |   3 |  947.3 |
               +--------+--------+--------+--------+--------+-----+--------+

Top non-repeatable levels by time:
     D:1: 1302 daAuts
     D:2: 1106 daAuts
     D:3: 433 daAuts
